Unix NetHack Version 5.0.0-0 post-release - last build Jun 10 2026 00:39:30 (3ee93aec679c4c4259841fe613dc97188e26a321,branch:main).

Game began 2026-06-15 12:42:24, ended 2026-06-15 12:51:23.

GdeVolpiano, lawful male human Archeologist

       ------
       |....-       --------------
       |....|       |............|
       |....-#      .............|
       -.--+-#      |............|
        ###  ##     |............|
         #    ######-`...........|
         #          ---.----------
         #             ##
         #              #######
   ------|--                  ###
   |......@|               -----.-
   |/m@m%./|               |.....-
   |?d%+[%?|               |.....|
   |[]!)%)!|               |.....|         ----+-----
   ---------               |......#####    .........|
                           -------    ##   |<...^...|
                                       ####.........|
                                           ----------

GdeVolpiano the Field Worker  St:15 Dx:8 Co:9 In:15 Wi:17 Ch:13  Lawful
Dlvl:4  $:30 HP:0(33) Pw:28(28) AC:8  Xp:4 T:1716 

Latest messages:
 A board beneath Indy squeaks a G sharp loudly.
 There's some graffiti on the floor here.
 You read: "|hc? say ?hat  ou can't brea| ar amulct cf reflcc??on."
 You find a hidden door.
 The door opens.
 Indy eats a tripe ration.
 Ouch!  You bump into a door.
 The door opens.
 You see here a food ration.
 You learn more about your items by comparing them.
 d - an uncursed food ration (4 in total).
 "Hello, GdeVolpiano!  Welcome to Angmagssalik's general store!"
 "Will you please leave your pick-axe outside?"
 What do you want to use or apply? [eghz or ?*]
 You put a +0 pick-axe into the sack.
 That strange object is a small mimic!
 The small mimic hits!
 You see here a ruby potion (for sale, 150 zorkmids).
 You see here 9 crude arrows (for sale, 18 zorkmids).
 That strange object is a giant mimic!
 You cannot escape from the giant mimic!
 You cannot escape from the giant mimic!
 You cannot escape from the giant mimic!
 The small mimic hits!
 What do you want to drink? [nr or ?*]
 You feel better.
 The giant mimic hits!
 The giant mimic hits again!
 What do you want to use or apply? [ghz or ?*]
 Never mind.
 What do you want to drink? [nr or ?*]
 You feel better.
 The small mimic hits!
 What do you want to drink? [r or ?*]
 You feel better.
 Indy picks up a scroll labeled TEMOV.
 What do you want to use or apply? [ghz or ?*]
 "You sneaky cad!  Get out of here with that pick!"
 e - a +0 pick-axe.
 Indy drops a scroll labeled TEMOV.
 The small mimic hits!
 Indy picks up a pine wand.
 What do you want to wield? [- e or ?*]
 e - a +0 pick-axe (weapon in right hand).
 Indy drops a pine wand.
 The giant mimic hits!
 The giant mimic hits again!
 You die...
 Angmagssalik gratefully inherits all your possessions.
 Do you want to see what you had when you died? [ynq] (y)

Inventory:
 Coins    ('$')
  $ - 30 gold pieces
 Armor    ('[')
  o - an uncursed +0 elven leather helm (being worn)
  b - an uncursed +0 leather jacket (being worn)
 Comestibles  ('%')
  d - 4 uncursed food rations
 Spellbooks  ('+')
  z - an uncursed spellbook of remove curse
 Tools    ('(')
  h - an uncursed sack containing 2 items
  e - a +0 pick-axe (weapon in right hand)
 Gems/Stones  ('*')
  g - an uncursed touchstone

Contents of the sack:
  26 gold pieces
  an uncursed jade stone

GdeVolpiano the Archeologist's attributes:

Background:
 You were a Field Worker, a level 4 male human Archeologist.
 You were lawful, nominally on a mission for Quetzalcoatl
 who was opposed by Camaxtli (neutral) and Huhetotl (chaotic).
 You were right-handed.
 You were in the Dungeons of Doom, on level 4.
 You entered the dungeon 1716 turns ago.
 There was a new moon in effect when your adventure ended.
 You had 84 experience points, 76 more were needed to attain level 5.

Basics:
 You had 0 out of 33 hit points.
 You had all 28 energy points (spell power).
 Your armor class was 8.
 Your wallet contained 30 zorkmids, and
 you had 26 more stashed away in your pack.
 Autopickup was on, but temporarily disabled while inside the shop.

Final Characteristics:
 Your strength was 15 (limit:18/100).
 Your dexterity was 8 (limit:18).
 Your constitution was 9 (limit:18).
 Your intelligence was 15 (limit:18).
 Your wisdom was 17 (limit:18).
 Your charisma was 13 (limit:18).

Final Status:
 You were held by a giant mimic (west).
 You weren't hungry.
 You were unencumbered.
 You were wielding a pick-axe.
 You had basic skill with pick-axe.

Final Attributes:
 You were devoutly aligned.
 You had automatic searching.
 You are dead.

Miscellaneous:
 You didn't encounter any bones levels.
 Total elapsed playing time was 8 minutes and 57 seconds.

Major events:
 Turn
    1: GdeVolpiano the lawful male human Archeologist entered the dungeon
  918: attained the rank of Field Worker (level 3)
 1716: killed by a giant mimic

Spells:
 Name                 Level Category     Fail Retention
 healing                1   healing        3%  76%-100%
 protection             1   clerical       3%  76%-100%

Skills:
 Fighting Skills
   bare handed combat [Unskilled]
   two weapon combat  [Unskilled]
   riding             [Unskilled]
 Weapon Skills
   dagger             [Unskilled]
   knife              [Unskilled]
   pick-axe           [Basic]
   short sword        [Unskilled]
   saber              [Unskilled]
   club               [Unskilled]
   quarterstaff       [Unskilled]
   sling              [Unskilled]
   dart               [Unskilled]
   boomerang          [Unskilled]
   whip               [Basic]
   unicorn horn       [Unskilled]
 Spellcasting Skills
   attack spells      [Unskilled]
   healing spells     [Unskilled]
   divination spells  [Unskilled]
   matter spells      [Unskilled]

Voluntary challenges:
 Character rerolling was not enabled.
 You were an atheist.
 You never genocided any monsters.
 You never polymorphed an object.
 You never changed form.
 You used no wishes.
Achievements:
 You attained the rank of Field Worker.
 You entered a shop.

 The Dungeons of Doom: levels 1 to 4
    Level 1:
    Level 2:
       A fountain.
    Level 3:
       A fountain, a grave.
    Level 4: <- You were here.
       A general store.
       Final resting place for
          you, killed by a giant mimic.


Vanquished creatures:
  a kobold leader
  2 dwarf zombies
  a gas spore
  a hobbit
  a hobgoblin
  2 giant rats
  2 red molds
  2 geckos
  2 jackals
  a fox
  2 goblins
  3 lichens
  5 newts
25 creatures vanquished.

No species were genocided or became extinct.

Game over:
                       ----------
                      /          \
                     /    REST    \
                    /      IN      \
                   /     PEACE      \
                  /                  \
                  |   GdeVolpiano    |
                  |      56 Au       |
                  |   killed by a    |
                  |   giant mimic    |
                  |                  |
                  |                  |
                  |       2026       |
                 *|     *  *  *      | *
        _________)/\\_//(\/(/\)/\//\/|_)_______

Goodbye GdeVolpiano the Archeologist...

You died in The Dungeons of Doom on dungeon level 4 with 547 points,
and 56 pieces of gold, after 1716 moves.
You were level 4 with a maximum of 33 hit points when you died.

